 Dungeon Crawl Stone Soup version 0.26-b1-32-g5d43845318 (webtiles) character file.

Game seed: 12498303947921791258

303280 nikku the Slayer (level 20, -10/297 HPs)
             Began as a Minotaur Berserker on Jan 13, 2021.
             Was a High Priest of Trog.
             Mangled by an orc knight
             ... wielding a +2 halberd of venom
              (30 damage)
             ... on level 4 of the Vaults.
             The game lasted 01:34:07 (42489 turns).

nikku the Slayer (Minotaur Berserker)              Turns: 42489, Time: 01:34:07

Health: -10/297    AC: 30    Str: 24    XL:     20   Next: 23%
Magic:  28/28      EV:  2    Int:  5    God:    Trog [*****.]
Gold:   1493       SH:  0    Dex:  8    Spells: 19/19 levels left

rFire    . . .     SeeInvis .   w - +9 broad axe (flame)
rCold    . . .     Faith    +   k - +3 tower shield
rNeg     + + +     Spirit   .   (armour currently unavailable)
rPois    +         Reflect  .   (helmet currently unavailable)
rElec    +         Harm     .   (cloak currently unavailable)
rCorr    .         Rampage  .   (gloves currently unavailable)
Will     +++++     NoTele   +   (boots currently unavailable)
Stlth    ++........             I - amulet "Zucayjuy" {Faith rElec rPois rN++ Str-3}
HPRegen  1.59/turn              H - ring "Sesur" {Will+ MP+9}
MPRegen  0.21/turn              O - ring "Kian" {rElec rPois Will++ Dex-5 Stlth+}

@: confused, lethally poisoned (-10 -> -10), tree-form, regenerating
A: (retaliatory headbutt)
}: 2/15 runes: serpentine, barnacled
a: Renounce Religion, Berserk, Trog's Hand, Brothers in Arms


You were on level 4 of the Vaults.
You worshipped Trog.
Trog was extremely pleased with you.
You were a tree.
You visited 6 branches of the dungeon, and saw 35 of its levels.

You collected 4215 gold pieces.
You spent 2722 gold pieces at shops.

Inventory:

Hand Weapons
 w - a +9 broad axe of flaming (weapon)
 D - a +4 broad axe of electrocution
Armour
 k - a +3 tower shield (worn)
 y - a +2 pair of gloves of dexterity (melded)
 F - a +2 plate armour of cold resistance (melded)
 J - the +1 plate armour "Egron" {Rampage +Inv MP+9}
   (You found it on level 1 of the Vaults)

   It affects your magic capacity (+9).
   It lets you turn invisible.
   It bestows one free step when moving towards enemies.
 K - a +2 cloak of willpower (melded)
 L - the +3 crown of Dyrovepreva (melded) {rElec Int+2 SInv}
   (You bought it in a shop on level 1 of the Snake Pit)

   It affects your intelligence (+2).
   It insulates you from electricity.
   It lets you see invisible.
 N - a +1 pair of boots of stealth (melded)
Jewellery
 d - a +4 ring of protection
 t - an uncursed ring of protection from cold
 E - an uncursed ring of willpower
 H - the ring "Sesur" (left branch) {Will+ MP+9}
   (You found it on level 5 of the Lair of Beasts)

   [ring of magical power]

   It affects your willpower, your defense against some magical effects.
   It affects your magic capacity (+9).
 I - the amulet "Zucayjuy" (around neck) {Faith rElec rPois rN++ Str-3}
   (You acquired it on level 6 of the Lair of Beasts)

   [amulet of faith]

   It allows you to gain divine favour quickly.
   It affects your strength (-3).
   It insulates you from electricity.
   It protects you from poison.
   It greatly protects you from negative energy.
 O - the ring "Kian" (right branch) {rElec rPois Will++ Dex-5 Stlth+}
   (You took it off a merfolk aquamancer on level 4 of the Shoals)

   [ring of stealth]

   It affects your dexterity (-5).
   It insulates you from electricity.
   It protects you from poison.
   It affects your willpower, your defense against some magical effects.
   It makes you more stealthy.
 Q - an uncursed amulet of magic regeneration
Wands
 a - a wand of iceblast (8)
 l - a wand of digging (7)
 s - a wand of acid (23)
 x - a wand of paralysis (42)
 B - a wand of flame (25) (quivered)
 P - a wand of disintegration (3)
Scrolls
 c - 22 scrolls of teleportation
 f - 2 scrolls of blinking
 i - 5 scrolls of magic mapping
 j - 4 scrolls of fog
 m - 21 scrolls of identify
 q - 6 scrolls of fear
 u - a scroll of summoning
 A - a scroll of holy word
 M - a scroll of torment
 R - 3 scrolls of silence
Potions
 b - 3 potions of mutation
 e - 5 potions of lignification
 g - 4 potions of might
 h - 14 potions of curing
 n - 4 potions of attraction
 o - a potion of invisibility
 p - a potion of ambrosia
 r - 3 potions of haste
 v - 7 potions of resistance
 z - a potion of heal wounds
 C - 3 potions of cancellation
Miscellaneous
 G - a phial of floods
 S - a lightning rod (4/4)


   Skills:
 + Level 21.3 Fighting
 - Level 20.0 Axes
 - Level 16.5 Armour
 - Level 2.1 Dodging
 + Level 21.1 Shields
 + Level 12.2 Evocations


You had 19 spell levels left.
You didn't know any spells.
Your spell library was empty.

Dungeon Overview and Level Annotations

Branches:
Dungeon (15/15)            Temple (0/1) D:7            Lair (6/6) D:11
 Shoals (4/4) Lair:2        Snake (4/4) Lair:4        Slime (0/5) Lair:6
    Orc (2/2) D:11            Elf (0/3) Orc:2        Vaults (4/5) D:14
  Crypt (0/3) Vaults:3     Depths (0/5) D:15

Altars:
Makhleb
Sif Muna
Vehumet
Wu Jian
Xom
Jiyva

Shops:
D:7 :**   Orc:2 :}:!   Shoals:4 !   Snake:1 :[[:   Vaults:1 (   Vaults:3 [

Annotations:
Lair:4 1 exclusion
Vaults:4 Jory


Innate Abilities, Weirdness & Mutations

((You reflexively headbutt those who attack you in melee.))
((You have a pair of horns on your head.))


Message History

You feel less strong-willed.
You feel clumsy.
You feel less stealthy.
You feel less resistant to cold.
Your roots penetrate the ground.
You feel sick.
Your two-headed ogre barely misses Jory. x2
The cyan very ugly thing trunk-slaps your two-headed ogre!
Your two-headed ogre dies!
Your two-headed ogre's corpse disappears in a puff of smoke!
You block the orc knight's attack.
Your ogre hits Jory with a +0 giant club!
You are confused.
You feel invigorated.
You feel sick.
Jory hits your ogre with a +1 great sword!
Jory bites your ogre!
The orc warrior hits you from afar with a +0 halberd!
* * * LOW HITPOINT WARNING * * *
Your ogre barely misses Jory.
The ironbrand convoker hits you but does no damage.
The orc knight hits you from afar with a +2 halberd of venom!!
You die...

#........##....###.
###....####.....#..
#.##.)##.##.....#..
#..#.÷#..##.....#..
#..'))').##........
#..#..#[.##########
###############'##########
......)o..................
......)op♣................
........uO................
......).V§................
..........................
..........................
#'########################
. uu ... ....


You could see Jory, 3 very ugly things, an orc knight (strong), an ironbrand
convoker, an orc warrior (strong) and a friendly ogre (summoned, berserk).

Vanquished Creatures
  Mara (Snake:4)
  Saint Roka (Snake:2)
  A lich (Vaults:3)
  Asterion (Snake:1)
  2 acid blobs (Lair:6)
  A tengu reaver (Vaults:3)
  Kirke (Shoals:4)
  Roxanne (D:14)
  8 nagarajas
  2 frost giants (Vaults:3)
  Louise (Snake:4)
  2 fire giants
  2 vault wardens
  An orc warlord (Orc:1)
  7 ironheart preservers
  A war gargoyle (Vaults:3)
  A very ugly thing (Vaults:4)
  2 stone giants (Vaults:2)
  2 deep elf demonologists
  A dire elephant (D:15)
  4 deep elf annihilators
  2 entropy weavers (Vaults:3)
  7 merfolk impalers
  3 merfolk javelineers
  Josephine (D:14)
  A fire dragon (Lair:6)
  A deep elf death mage (Vaults:2)
  An ettin (Vaults:2)
  2 yaktaur captains (Vaults:1)
  2 ice dragons
  10 ogre magi
  A great orb of eyes (Vaults:2)
  4 rakshasas
  4 vault guards
  17 naga warriors
  10 hydras
  5 anacondas
  2 merfolk avatars
  An alligator snapping turtle (Shoals:2)
  9 boulder beetles
  6 merfolk aquamancers
  3 death knights
  6 centaur warriors
  A vampire mage (Vaults:3)
  8 death yaks (Lair:6)
  25 two-headed ogres
  2 tengu warriors
  20 naga sharpshooters
  5 shock serpents
  Urug (Lair:6)
  3 deep elf knights (Vaults:2)
  A shadow wraith (Vaults:3)
  6 skeletal warriors
  4 salamander mystics
  7 unseen horrors
  10 naga ritualists
  A flayed ghost (Vaults:3)
  2 deep trolls (Orc:2)
  A goliath frog (shapeshifter) (Vaults:2)
  16 sea snakes
  4 wizards (Vaults:3)
  3 deep elf archers (Vaults:2)
  13 harpies
  A phantasmal warrior (Vaults:3)
  A necromancer (Vaults:3)
  A lindwurm (Lair:6)
  2 oklob plants (Lair:4)
  7 ironbrand convokers
  8 fauns
  12 orc knights
  4 mana vipers
  5 ugly things
  2 orc sorcerers
  4 wolf spiders
  12 deep elf magi
  15 cyclopes
  13 manticores
  14 salamanders
  18 elephants
  A guardian serpent (shapeshifter) (Vaults:1)
  3 centaur zombies
  Maurice (Orc:1)
  4 guardian serpents
  7 merfolk sirens
  10 vault sentinels
  7 water nymphs
  28 black mambas
  11 cane toads
  33 naga magi
  3 molten gargoyles (Lair:6)
  Maggie (Lair:2)
  10 komodo dragons
  3 freezing wraiths
  9 yaktaurs
  2 kobold demonologists
  3 tengu conjurers
  A meliai (shapeshifter) (Vaults:1)
  2 polar bears
  4 hornets
  34 merfolk
  13 trolls
  5 wind drakes
  18 blink frogs
  Prince Ribbit (D:6)
  Grinder (D:6)
  10 slime creatures
  4 dream sheep (Shoals:1)
  6 snapping turtles
  A raiju (shapeshifter) (Vaults:4)
  A snapping turtle (shapeshifter) (Vaults:1)
  A shadow (D:11)
  9 wyverns
  A redback (Vaults:3)
  12 water elementals
  41 yaks
  7 wraiths
  A human (shapeshifter) (D:14)
  4 hogs (Shoals:4)
  8 basilisks
  2 steam dragons (Lair:6)
  6 vampire mosquitoes
  A human simulacrum (Vaults:2)
  57 nagas
  8 wargs
  3 acid dragons
  2 soldier ants
  12 water moccasins
  An acid dragon (shapeshifter) (Vaults:1)
  4 hell hounds (Lair:6)
  Duvessa (D:4)
  3 ice beasts
  5 sky beasts
  A black bear (D:13)
  A hornet zombie (D:11)
  37 orc warriors
  3 eyes of draining
  2 necrophages
  35 ogres
  2 phantoms
  16 boggarts
  11 big kobolds
  11 centaurs
  23 bullfrogs
  A gnoll sergeant (D:11)
  Dowan (D:4)
  A wyvern skeleton (D:10)
  3 scorpions
  A killer bee (D:8)
  16 wights
  4 electric eels
  A howler monkey (shapeshifter) (Vaults:1)
  3 howler monkeys
  6 lava snakes
  A quasit (D:9)
  3 bullfrog zombies
  8 hounds
  5 jellies
  22 orc wizards
  3 bullfrog skeletons
  15 orc priests
  An iguana (D:14)
  Natasha (thrice) (D:4)
  8 worker ants
  A bullfrog simulacrum (D:6)
  A spectral howler monkey (D:6)
  A howler monkey zombie (D:8)
  A worker ant zombie (D:6)
  22 gnolls
  9 adders
  3 shadow imps
  3 white imps
  An ufetubus (D:6)
  An ooze (D:2)
  An adder skeleton (D:6)
  2 adder zombies
  2 worms (D:3)
  The ghost of Hyawatha the Sneak, a weakling TrDe (D:6)
  A dart slug (D:2)
  3 leopard geckos
  89 orcs
  4 giant cockroaches
  4 goblins
  8 hobgoblins
  15 jackals
  57 kobolds
  7 quokkas
  4 bats (D:1)
  3 frilled lizards (D:3)
  A leopard gecko skeleton (D:5)
  6 rats
  A spectral quokka (D:6)
  A bush (Lair:6)
1320 creatures vanquished.

Vanquished Creatures (collateral kills)
  2 nagarajas
  A deep elf demonologist (Vaults:4)
  2 merfolk impalers
  A naga warrior (Snake:4)
  A merfolk avatar (Shoals:4)
  3 anacondas (Snake:3)
  An orc knight (Vaults:2)
  A manticore (Shoals:4)
  2 salamanders (Snake:2)
  2 black mambas (Snake:3)
  A guardian serpent (Snake:4)
  A vault sentinel (Vaults:4)
  5 merfolk (Shoals:3)
  2 snapping turtles (Shoals:4)
  A naga (Snake:4)
  2 orc warriors (Vaults:2)
  3 orcs (Vaults:2)
31 creatures vanquished.

Vanquished Creatures (others)
  A naga mage (Snake:4)
  27 fungi
  100 plants
128 creatures vanquished.

Grand Total: 1479 creatures vanquished

Notes
Turn   | Place    | Note
-------+----------+-------------------------------------------
     0 | D:1      | nikku the Minotaur Berserker began the quest for the Orb.
     0 | D:1      | Reached XP level 1. HP: 19/19 MP: 0/0
   284 | D:1      | Reached XP level 2. HP: 27/27 MP: 1/1
   958 | D:2      | Reached skill level 1 in Shields
   958 | D:2      | Reached XP level 3. HP: 23/33 MP: 2/2
  1235 | D:2      | Found an ornate altar of the Wu Jian Council.
  1347 | D:2      | Reached XP level 4. HP: 41/41 MP: 3/3
  1579 | D:2      | Reached ** piety under Trog
  2314 | D:3      | Reached XP level 5. HP: 45/47 MP: 4/4
  2454 | D:3      | Reached skill level 5 in Axes
  2455 | D:3      | Reached skill level 5 in Fighting
  3008 | D:4      | Reached XP level 6. HP: 56/56 MP: 5/5
  3022 | D:4      | Noticed Natasha
  3036 | D:4      | Killed Natasha
  3263 | D:4      | Noticed Natasha
  3277 | D:4      | Killed Natasha
  3326 | D:4      | Noticed Duvessa
  3329 | D:4      | Noticed Dowan
  3335 | D:4      | Killed Duvessa
  3344 | D:4      | Killed Dowan
  3345 | D:4      | Reached skill level 5 in Armour
  3403 | D:4      | Reached XP level 7. HP: 61/62 MP: 6/6
  3628 | D:4      | Noticed Natasha
  3638 | D:4      | Killed Natasha
  3727 | D:5      | Entered Level 5 of the Dungeon
  3942 | D:5      | Reached *** piety under Trog
  4482 | D:6      | Noticed Prince Ribbit
  4485 | D:6      | Reached skill level 5 in Shields
  4485 | D:6      | Noticed Grinder
  4493 | D:6      | Killed Prince Ribbit
  4494 | D:6      | Reached XP level 8. HP: 42/71 MP: 7/7
  4628 | D:6      | Killed Grinder
  5158 | D:6      | Found a runed translucent gate.
  5158 | D:6      | Found a runed translucent gate.
  5158 | D:6      | Found a runed translucent gate.
  5158 | D:6      | Noticed Hyawatha's ghost (weakling TrDe)
  5204 | D:6      | Killed Hyawatha's ghost
  5432 | D:6      | Reached **** piety under Trog
  5442 | D:6      | Reached XP level 9. HP: 79/81 MP: 8/8
  6066 | D:7      | Found Bouxzusi's Book Shoppe.
  6094 | D:7      | Found a staircase to the Ecumenical Temple.
  6530 | D:7      | Found Estrasib's Assorted Antiques.
  6534 | D:7      | Found Pacymm's General Store.
  6559 | D:7      | Found a shimmering altar of Xom.
  7195 | D:8      | Paralysed by a hornet for 3 turns
  7811 | D:8      | Reached ***** piety under Trog
  8079 | D:8      | Reached XP level 10. HP: 91/91 MP: 9/9
  9102 | D:10     | Entered Level 10 of the Dungeon
  9250 | D:10     | Noticed a two-headed ogre
  9269 | D:10     | Killed a two-headed ogre
  9317 | D:10     | Reached skill level 10 in Axes
  9323 | D:10     | Noticed a five-headed hydra
  9496 | D:10     | Reached skill level 10 in Fighting
  9496 | D:10     | Killed a ten-headed hydra
  9742 | D:10     | Reached skill level 10 in Armour
  9821 | D:10     | Noticed an ogre mage
  9830 | D:10     | Killed an ogre mage
 10250 | D:10     | Noticed a tengu warrior
 10319 | D:10     | Killed a tengu warrior
 10320 | D:10     | Reached skill level 10 in Shields
 10320 | D:10     | Reached XP level 11. HP: 101/101 MP: 10/10
 10874 | D:11     | Found a staircase to the Orcish Mines.
 11033 | D:11     | Found a staircase to the Lair.
 11042 | D:11     | Noticed a red ugly thing
 11054 | D:11     | Killed a red ugly thing
 11146 | D:11     | Killed an unseen horror
 11490 | D:11     | Noticed a skeletal warrior
 11493 | D:11     | Noticed a skeletal warrior
 11505 | D:11     | Killed a skeletal warrior
 11506 | D:11     | Noticed a skeletal warrior
 11542 | D:11     | Killed a skeletal warrior
 11543 | D:11     | Killed a skeletal warrior
 12007 | Lair:1   | Entered Level 1 of the Lair of Beasts
 13602 | Lair:2   | Reached XP level 12. HP: 78/112 MP: 11/11
 13879 | Lair:2   | Received a gift from Trog
 14318 | Lair:2   | Found a staircase to the Shoals.
 14433 | Lair:2   | Noticed Maggie
 14445 | Lair:2   | Killed Maggie
 16310 | Lair:4   | Found a shimmering blue altar of Sif Muna.
 16497 | Lair:4   | Noticed a seven-headed hydra
 16506 | Lair:4   | Killed a five-headed hydra
 16507 | Lair:4   | Reached XP level 13. HP: 122/122 MP: 12/12
 16864 | Lair:4   | Found a staircase to the Snake Pit.
 18032 | Lair:5   | Got a scintillating wooden ring
 18034 | Lair:5   | Identified the ring "Sesur" {Will+ MP+9} (You found it on
                  | level 5 of the Lair of Beasts)
 18457 | Lair:5   | Identified a scroll of acquirement
 18458 | Lair:5   | Acquired a +1 pair of gloves of dexterity
 18476 | Lair:6   | Entered Level 6 of the Lair of Beasts
 18741 | Lair:6   | Found a runed translucent door.
 18742 | Lair:6   | Found a viscous altar of Jiyva.
 18755 | Lair:6   | Noticed an acid blob
 18756 | Lair:6   | Found a staircase to the Slime Pits.
 18756 | Lair:6   | Noticed an acid blob
 18765 | Lair:6   | Killed an acid blob
 18769 | Lair:6   | Killed an acid blob
 18933 | Lair:6   | Noticed Urug
 18942 | Lair:6   | Killed Urug
 18943 | Lair:6   | Reached XP level 14. HP: 104/133 MP: 13/13
 19100 | Lair:6   | Found a large runed translucent door.
 19354 | Lair:6   | Found a large runed translucent door.
 19579 | Lair:6   | Acquired the amulet "Zucayjuy" {Faith rElec rPois rN++
                  | Str-3}
 19734 | Lair:6   | Reached skill level 15 in Fighting
 19779 | Lair:6   | Reached skill level 15 in Axes
 19897 | Lair:6   | Reached skill level 15 in Armour
 20303 | Orc:1    | Entered Level 1 of the Orcish Mines
 20303 | Orc:1    | Noticed Maurice
 20312 | Orc:1    | Killed Maurice
 20627 | Orc:2    | Entered Level 2 of the Orcish Mines
 20654 | Orc:2    | Received a gift from Trog
 20815 | Orc:2    | Found a burning altar of Makhleb.
 20831 | Orc:2    | Reached skill level 15 in Shields
 20846 | Orc:2    | Found Izioz's Distillery.
 20965 | Orc:1    | Noticed an orc warlord
 20975 | Orc:1    | Killed an orc warlord
 21419 | Orc:2    | Reached XP level 15. HP: 143/143 MP: 14/14
 21424 | Orc:2    | Received a gift from Trog
 21451 | Orc:2    | Found Istubb's Gadget Emporium.
 21452 | Orc:2    | Found Mucveh's Book Shop.
 21462 | Orc:2    | Found Daesets's Book Shoppe.
 21480 | Orc:2    | Bought a potion of cancellation for 104 gold pieces
 21480 | Orc:2    | Bought a potion of might for 52 gold pieces
 21480 | Orc:2    | Bought a potion of haste for 130 gold pieces
 21480 | Orc:2    | Bought a potion of haste for 130 gold pieces
 21480 | Orc:2    | Bought a potion of haste for 130 gold pieces
 21509 | Orc:2    | Found a staircase to the Elven Halls.
 22757 | D:13     | Found an ornate altar of the Wu Jian Council.
 23302 | D:14     | Noticed Josephine
 23319 | D:14     | Killed Josephine
 23360 | D:14     | Received a gift from Trog
 23546 | D:14     | Noticed Roxanne
 23580 | D:14     | Killed Roxanne
 24359 | D:14     | Found a gate to the Vaults.
 24389 | D:15     | Entered Level 15 of the Dungeon
 24933 | D:15     | Received a gift from Trog
 25087 | D:15     | Found a staircase to the Depths.
 25596 | Snake:1  | Entered Level 1 of the Snake Pit
 25657 | Snake:1  | Noticed Asterion
 25668 | Snake:1  | Noticed an Executioner
 25673 | Snake:1  | Killed Asterion
 25674 | Snake:1  | Reached skill level 1 in Evocations
 25815 | Snake:1  | Reached XP level 16. HP: 99/154 MP: 15/15
 26072 | Snake:1  | Found Moexzaza's Armour Shop.
 26074 | Snake:1  | Found Niqutz's Book Boutique.
 26074 | Snake:1  | Found Ycaidy's Book Shop.
 26077 | Snake:1  | Found Hoag's Antique Armour Boutique.
 26186 | Snake:1  | Bought the +3 crown of Dyrovepreva {rElec Int+2 SInv} for
                  | 1490 gold pieces
 26186 | Snake:1  | Found the +3 crown of Dyrovepreva {rElec Int+2 SInv}
 26186 | Snake:1  | Bought a pair of embroidered boots for 270 gold pieces
 26995 | Snake:2  | Noticed Saint Roka
 27404 | Snake:2  | Killed Saint Roka
 27935 | Snake:2  | Received a gift from Trog
 29061 | Snake:3  | Reached skill level 5 in Evocations
 29282 | Snake:3  | Received a gift from Trog
 29896 | Snake:4  | Entered Level 4 of the Snake Pit
 29951 | Snake:4  | Reached XP level 17. HP: 147/163 MP: 16/16
 30039 | Snake:4  | Noticed Louise
 30069 | Snake:4  | Killed Louise
 30762 | Snake:4  | Noticed Mara
 30771 | Snake:4  | Noticed nikku's illusion
 30780 | Snake:4  | Killed Mara
 31438 | Snake:4  | Received a gift from Trog
 32161 | Snake:4  | Got a serpentine rune of Zot
 32457 | Shoals:1 | Entered Level 1 of the Shoals
 33384 | Shoals:2 | Reached XP level 18. HP: 176/176 MP: 17/17
 34983 | Shoals:3 | Received a gift from Trog
 35684 | Shoals:4 | Entered Level 4 of the Shoals
 35700 | Shoals:4 | Found Epodgh's Distillery.
 35708 | Shoals:4 | Bought a potion of might for 64 gold pieces
 35708 | Shoals:4 | Bought a potion of curing for 48 gold pieces
 35708 | Shoals:4 | Bought a potion of might for 64 gold pieces
 35708 | Shoals:4 | Bought a potion of curing for 48 gold pieces
 35708 | Shoals:4 | Bought a potion of heal wounds for 80 gold pieces
 35708 | Shoals:4 | Bought a potion of might for 64 gold pieces
 35708 | Shoals:4 | Bought a potion of curing for 48 gold pieces
 35905 | Shoals:4 | Identified the ring "Kian" {rElec rPois Will++ Dex-5
                  | Stlth+}
 36010 | Shoals:4 | Received a gift from Trog
 36074 | Shoals:4 | Noticed Kirke
 36089 | Shoals:4 | Killed Kirke
 36526 | Shoals:4 | Got a barnacled rune of Zot
 37140 | Vaults:1 | Entered Level 1 of the Vaults
 37215 | Vaults:1 | Found Weivirur's Weapon Shop.
 37275 | Vaults:1 | Noticed a Tzitzimitl
 37500 | Vaults:1 | Received a gift from Trog
 37666 | Vaults:1 | Reached skill level 10 in Evocations
 37672 | Vaults:1 | Reached XP level 19. HP: 170/184 MP: 18/18
 37986 | Vaults:1 | Got a faintly glowing plate armour
 37987 | Vaults:1 | Identified the +1 plate armour "Egron" {Rampage +Inv MP+9}
                  | (You found it on level 1 of the Vaults)
 38286 | Vaults:2 | Reached ****** piety under Trog
 38296 | Vaults:2 | Received a gift from Trog
 38575 | Vaults:2 | Noticed a Tzitzimitl
 38845 | Vaults:2 | Received a gift from Trog
 39569 | Vaults:2 | You fall into a shaft and drop 1 floor!
 39685 | Vaults:3 | Found a staircase to the Crypt.
 39942 | Vaults:3 | Received a gift from Trog
 40589 | Vaults:3 | Found a radiant altar of Vehumet.
 40589 | Vaults:3 | Noticed a lich
 40595 | Vaults:3 | Killed a lich
 40760 | Vaults:3 | Found Iffuit's Armour Emporium.
 41220 | Vaults:2 | Reached XP level 20. HP: 198/198 MP: 19/19
 42120 | Vaults:4 | Received a gift from Trog
 42462 | Vaults:4 | Noticed Jory
 42489 | Vaults:4 | Mangled by an orc knight

Illustrated notes

Levels and vault maps discovered:
D:1:      minmay_arrival_statue_studded, layout_basic, nrook_loot_triangle
D:2:      layout_loops_corners, marbit_many_paths,
          chequers_serial_rivers_micro_e, minmay_cut_off
D:3:      layout_loops_corners
D:4:      layout_basic, serial_glass, glass_columns_a, glass_columns_a,
          glass_columns_c, glass_columns_c, glass_columns_a, glass_columns_c,
          due_unseen_surprise, columned_hall_lemuel, uniq_duvessa, uniq_natasha
D:5:      layout_loops_cross, dk_vineyard_2
D:6:      minmay_goblin_kobold_castle, layout_basic, gammafunk_ghost_necromancy,
          uniq_prince_ribbit1, uniq_grinder
D:7:      layout_loops_cross, minmay_temple_entry_gardened_gates, serial_shops,
          shop, shop, shop, brannock_xom_greatest_gift
D:8:      minmay_polygon_palace, layout_cave_pods, grunt_decor_arrowhead
D:9:      layout_rooms
D:10:     cheibrodos_fzero, layout_grid_maze
D:11:     layout_stronghold, lair_entry_dummy, minmay_orc_entry_guard_dogs
D:12:     layout_irregular_city
D:13:     layout_stronghold, basic_altar
D:14:     layout_loops_cross, david_vaults_5, chequers_serial_rivers_room_b,
          nrook_guardian_serpent_double, uniq_josephine, uniq_roxanne
D:15:     hangedman_depths_entry_try_elsewhere_first, layout_gridville,
          corexii_leaking_fountain, minmay_lindwurm_lava
Lair:1:   layout_concentric_octagons
Lair:2:   layout_regular_city, elwin_shoals_entry_rooms, serial_bayou_lagoon_b,
          uniq_maggie
Lair:3:   layout_hall_layers, serial_rivers, chequers_serial_rivers_micro_a,
          chequers_serial_rivers_small_3, chequers_serial_rivers_large_a,
          chequers_serial_rivers_small_b, lemuel_fruit_fields
Lair:4:   layout_small_grid, minmay_snake_entry_guardpost_medium,
          lemuel_centaur_altar, serial_bayou_shore_b, minmay_lair_oklob_chamber
Lair:5:   layout_regular_city, infiniplex_staircase_pool_2
Lair:6:   cheibrodos_lair_end_hotspot, layout_regular_city, slime_altar_2,
          uniq_urug
Shoals:1: layout_shoals
Shoals:2: layout_shoals, st_sunken_huts
Shoals:3: layout_shoals
Shoals:4: shoals_end_hangedman, layout_shoals, serial_shops, shop,
          nzn_prometheus_bound, uniq_kirke
Snake:1:  layout_honeycomb, statue_in_the_mist_lemuel, minmay_shoptagon,
          grunt_megastairs_4, uniq_asterion
Snake:2:  layout_basic, serial_bayou_shore_a, uniq_saint_roka
Snake:3:  layout_misc_corridors, special_room
Snake:4:  snake_pit, layout_rooms, uniq_louise, uniq_mara
Orc:1:    layout_caves, minmay_orc_barracks, uniq_maurice
Orc:2:    st_orc_open, layout_caves, basic_altar
Vaults:1: v_misc_15, v_rooms_6, v_misc_28, nicolae_vaults_network_quinsquares
          [nicolae_vaults_network_quincunx_subvault,
          nicolae_vaults_network_quincunx_subvault,
          nicolae_vaults_network_quincunx_subvault,
          nicolae_vaults_network_quincunx_subvault], nicolae_vaults_triangles,
          hangedman_vaults_maws, ontoclasm_vaults_gateway,
          hangedman_vaults_snaps, nicolae_vaults_rhombus_6, vaults_room_pool,
          v_misc_16, layout_vaults_maze_snakey, serial_shops,
          nicolae_shop_waterfront
Vaults:2: v_rooms_6, vaults_room_pool, nicolae_vaults_three_branches,
          hangedman_vaults_impose, nicolae_vaults_little_squares_6, v_misc_25,
          nicolae_vaults_big_ls, nicolae_vaults_shelves_hall,
          hangedman_vaults_variations, ontoclasm_vaults_shuriken, serial_ice_g,
          vaults_room_corners, v_misc_11, ontoclasm_vaults_hangar,
          layout_vaults_ring
Vaults:3: minmay_crypt_entry_simple_plaza, v_misc_27,
          vaults_standard_mumra_enter_the_diamond, v_pattern_3,
          hangedman_vaults_stagger, nicolae_vaults_puzzle_piece, v_misc_15,
          grunt_tower_of_power, v_misc_9, ontoclasm_vaults_ring_large,
          vaults_room_pool, layout_vaults_omnibox, serial_shops, shop
Vaults:4: v_misc_27, v_misc_24, nicolae_vaults_windows_and_doors_thing,
          hangedman_vaults_hat, nicolae_vaults_what_the_h,
          hangedman_vaults_nails, vaults_mumra_chevron, dpeg_vaults_monster_box,
          layout_vaults_omnigrid, uniq_jory

Skill      XL: |  1  2  3  4  5  6  7  8  9 10 11 12 13 14 15 16 17 18 19 20 |
---------------+-------------------------------------------------------------+-----
Axes           | 4 5 6 8 9 10 12 13 14 15 16 18 19 20 | 20.0
Fighting       | 4 5 6 7 9 10 12 13 14 15 16 18 19 21 | 21.3
Armour         | 3 4 5 6 7 9 10 11 13 14 15 16 | 16.5
Shields        | 1 2 3 5 6 8 10 11 12 14 15 16 17 18 19 20 21 | 21.1
Evocations     | 1 5 8 10 11 12 | 12.2
Dodging        | |  2.1

Action                   |  1- 3 |  4- 6 |  7- 9 | 10-12 | 13-15 | 16-18 | 19-21 || total
-------------------------+-------+-------+-------+-------+-------+-------+-------++-------
Melee: Hand axe          |    65 |   142 |   477 |    18 |       |       |       ||   702
       Headbutt          |     8 |    26 |    90 |   139 |   212 |   286 |   122 ||   883
       War axe           |       |       |       |   391 |       |       |       ||   391
       Broad axe         |       |       |       |   130 |   873 |  1246 |   656 ||  2905
Invok: Berserk           |     1 |     2 |     4 |     6 |    13 |     9 |     6 ||    41
       Trog's Hand       |       |     3 |     6 |    18 |    25 |    37 |    13 ||   102
       Brothers in Arms  |       |       |       |       |       |    10 |     6 ||    16
Evoke: Wand              |       |       |       |       |       |    12 |       ||    12
  Use: Scroll            |     6 |     4 |     5 |    18 |     9 |    13 |     1 ||    56
       Potion            |       |       |       |     3 |       |    14 |     2 ||    19
 Stab: Invisible         |       |       |       |     2 |       |       |       ||     2
       Distracted        |       |       |       |       |       |     1 |       ||     1
Armor: Animal skin       |     5 |       |       |       |       |       |       ||     5
       Chain mail        |    15 |    61 |   183 |   184 |       |       |       ||   443
       Plate armour      |       |       |       |    11 |   392 |   510 |   110 ||  1023
       Skin              |       |       |       |       |       |       |     1 ||     1
Dodge: Dodged            |    18 |    24 |    71 |    72 |   121 |   171 |    49 ||   526
Block: Tower shield      |    23 |   104 |   467 |   529 |   948 |  1494 |   474 ||  4039
